 Dungeon Crawl Stone Soup version 0.20-a0-705-gbe8799e (webtiles) character file.

37 M4edhros the Skirmisher (level 3, -18/24 HPs)
             Began as a Kobold Chaos Knight on Feb 21, 2017.
             Demolished by a sun demon (19 damage)
             ... summoned by the capriciousness of Xom
             ... on level 1 of the Dungeon.
             The game lasted 00:01:47 (5015 turns).

M4edhros the Skirmisher (Kobold Chaos Knight)       Turns: 5015, Time: 00:01:48

Health: -18/24     AC:  5    Str:  9    XL:     3   Next: 62%
Magic:  3/3        EV: 15    Int: 13    God:    Xom [*.....]
Gold:   48         SH:  0    Dex: 15    Spells: 2/2 levels left

rFire    . . .     SeeInvis .   a - +1 spear (chaos)
rCold    . . .     Gourm    .   b - +2 leather armour
rNeg     . . .     Faith    .   (shield restricted)
rPois    .         Spirit   .   (no helmet)
rElec    .         Reflect  .   (no cloak)
rCorr    .         Harm     .   (no gloves)
MR       .....                  (no boots)
Stlth    +.........             (no amulet)
Regen    0.1/turn               (no ring)
MPRegen  0.1/turn               (no ring)

@: very slightly contaminated
A: carnivore 3
a: Renounce Religion


You were on level 1 of the Dungeon.
You worshipped Xom.
You were a special plaything of Xom.
You were very full.

You visited 1 branch of the dungeon, and saw 1 of its levels.

You collected 48 gold pieces.

Inventory:

Hand Weapons
 a - a +1 spear of chaos (weapon)
Missiles
 g - 72 stones (quivered)
Armour
 b - a +2 leather armour (worn)
Potions
 i - a potion of invisibility {unknown}
Comestibles
 c - a meat ration


   Skills:
 + Level 3.7 Fighting
 + Level 2.9 Polearms
 - Level 0.7 Armour
 + Level 3.2 Dodging


You had 2 spell levels left.
You didn't know any spells.

Dungeon Overview and Level Annotations

Branches:
Dungeon (1/15)

Altars:
Xom


Innate Abilities, Weirdness & Mutations

You are small and have problems with some larger weapons.
You are carnivorous and can eat meat at any time.


Message History

Blink to where?
Press: ? - help, Dir - move target cursor You are very lightly contaminated with residual magic.
As you read the scroll labeled WEISSU BYECS, it crumbles to dust.
It was a scroll of blinking.
You close the door.
A sun demon opens the door.
It was a potion of ambrosia.
You are confused.
You feel invigorated.
Xom is amused.
It was a potion of curing.
You feel better.
Xom thinks this is hilarious!
You feel less invigorated. The sun demon hits you!!
Ouch! That really hurt!
* * * LOW HITPOINT WARNING * * *
You are engulfed in flames!!
Ouch! That really hurt!
You die...
Xom laughs nastily!

#.# ####.# #.......... #
#....#####################
# #.###.........# # #
#.........# # #.........#
# #.........# ######
#####'###.# ##..... #3#
#............. #@#
#.............
#.###.............
#######'#...............
#.........##............
#.........##............
#.........'.............
#.........#.............
#..l......#.............
#.l.......'.........K...


You could see a sun demon.

Vanquished Creatures
  A ball python (D:1)
  A giant cockroach (D:1)
  4 hobgoblins (D:1)
  7 jackals (D:1)
  2 bats (D:1)
  2 frilled lizards (D:1)
  3 goblins (D:1)
  3 kobolds (D:1)
  6 rats (D:1)
29 creatures vanquished.

Vanquished Creatures (collateral kills)
  An ooze (D:1)
  A goblin (D:1)
  2 jackals (D:1)
  A bat (D:1)
5 creatures vanquished.

Grand Total: 34 creatures vanquished

Notes
Turn   | Place    | Note
-------+----------+-------------------------------------------
     0 | D:1      | M4edhros the Kobold Chaos Knight began the quest for the Orb.
     0 | D:1      | Reached XP level 1. HP: 14/14 MP: 1/1
   235 | D:1      | XOM: silly message
   809 | D:1      | XOM: mild Conj miscast
   880 | D:1      | XOM: silly message
  1064 | D:1      | XOM: harmless Divn miscast
  1080 | D:1      | XOM: harmless Fire miscast
  1140 | D:1      | Reached XP level 2. HP: 19/19 MP: 2/2
  1206 | D:1      | XOM: divination: magic mapping
  1647 | D:1      | XOM: harmless Summ miscast
  1672 | D:1      | XOM is BORED!
  1672 | D:1      | XOM: mild Tloc miscast
  1755 | D:1      | XOM: harmless Ice miscast
  1822 | D:1      | XOM: medium Ice miscast
  1842 | D:1      | XOM: polymorph jackal -> rat
  1847 | D:1      | XOM: medium Hex miscast
  1865 | D:1      | Reached XP level 3. HP: 8/23 MP: 3/3
  2145 | D:1      | XOM: 2-stop teleportation journey
  2349 | D:1      | XOM: 2-stop teleportation journey
  2961 | D:1      | XOM: 8-stop teleportation journey
  3157 | D:1      | XOM: scenery: create altars
  3721 | D:1      | XOM: 7-stop teleportation journey
  3922 | D:1      | XOM: mild Ice miscast
  5009 | D:1      | XOM: medium Summ miscast
  5010 | D:1      | Noticed a sun demon
  5015 | D:1      | HP: 1/24 [sun demon[the capriciousness of Xom] (23)]
  5015 | D:1      | Demolished by a sun demon

Vault maps used:
D:1:      dpeg_arrival_erosion

Skill      XL: |  1  2 |
---------------+-------+-----
Dodging        | 3 |  3.2
Fighting       | |  3.7
Polearms       | |  2.9
Armour         | |  0.7

Action                   || total
-------------------------++-------
Melee: Spear             ||    89
  Use: Scroll            ||     2
       Potion            ||     2
  Eat: Chunk             ||    19
Armor: Leather armour    ||    31
Dodge: Dodged            ||    65
